 Dungeon Crawl Stone Soup version 0.23-a0-295-g2e428d4 (webtiles) character file.

74 tsouns the Digger (level 4, -2/27 HPs)
             Began as an Octopode Earth Elementalist on Oct 4, 2018.
             Slain by a kobold
             ... wielding a +0 dagger
              (5 damage)
             ... on level 3 of the Dungeon.
             The game lasted 00:04:19 (1473 turns).

tsouns the Digger (Octopode Earth Elementalist)     Turns: 1473, Time: 00:04:19

Health: -2/27      AC:  1    Str:  7    XL:     4   Next: 30%
Magic:  0/8        EV: 13    Int: 18    God:
Gold:   79         SH:  0    Dex: 12    Spells: 2/8 levels left

rFire    + . .     SeeInvis .   (no weapon)
rCold    + . .     Gourm    .   (no shield)
rNeg     + . .     Faith    .   (helmet restricted)
rPois    +         Spirit   .   d - amulet of inaccuracy (curse)
rElec    +         Reflect  .   h - ring of positive energy
rCorr    +         Harm     .   (no ring)
MR       .....                  (no ring)
Stlth    +++.......             (no ring)
HPRegen  0.09/turn              (no ring)
MPRegen  0.11/turn              (no ring)
                                (no ring)
                                (no ring)

@: lethally poisoned (-2 -> -5), resistant, very slightly contaminated
A: almost no armour, stealthy swim, amphibious, 8 rings, constrict 8, camouflage
1, gelatinous body 1
a: no special abilities


You were on level 3 of the Dungeon.
You were not hungry.

You visited 1 branch of the dungeon, and saw 3 of its levels.

You collected 79 gold pieces.

Inventory:

Missiles
 b - 58 stones (quivered)
 i - 5 arrows
Jewellery
 d - a cursed amulet of inaccuracy (around mantle)
 h - a ring of positive energy (left tentacle)
Scrolls
 e - a scroll of teleportation
 g - a scroll of identify
Comestibles
 c - 4 rations
 f - 7 chunks of flesh


   Skills:
 + Level 0.1 Fighting
 + Level 2.3 Dodging
 + Level 3.5 Stealth
 + Level 0.5 Unarmed Combat
 + Level 2.7 Spellcasting
 + Level 1.0 Transmutations
 + Level 3.8 Earth Magic


You had 2 spell levels left.
You knew the following spells:

 Your Spells              Type           Power        Failure   Level  Hunger
a - Sandblast             Erth           ###...       3%          1    None
b - Passwall              Tmut/Erth      ##......     10%         2    ##.....
c - Stone Arrow           Conj/Erth      #.....       22%         3    ###....

Your spell library contained the following spells:

 Spells                   Type           Power        Failure   Level  Hunger
 Petrify                  Tmut/Erth      ##......     52%         4    ####...
 Lee's Rapid Deconstruct  Erth           ###.......   67%         5    ######.


Dungeon Overview and Level Annotations

Branches:
Dungeon (2/15)

Altars:
Cheibriados

Annotations:
D:2 Robin


Innate Abilities, Weirdness & Mutations

You cannot wear most types of armour.
You are very stealthy in the water. (Stealth+)
You are amphibious.
You can wear up to eight rings at the same time.
You can use your tentacles to constrict eight enemies at once.
Your skin changes colour to match your surroundings (Stealth+).
Your rubbery body absorbs attacks. (AC +1, EV +1)


Message History

The adder is almost dead.
The adder bites you.
* * * LOW HITPOINT WARNING * * *
You are poisoned.
The adder poisons you!
You miss the adder. You grab the adder.
The adder is almost dead.
You constrict the adder.
You feel sick. The adder closely misses you. The adder barely misses you.
You barely miss the adder.
The adder is almost dead.
You constrict the adder.
You kill the adder!
The kobold throws a stone.
The stone barely misses you.
You feel sick. The kobold hits you with a dagger.
* * * LOW HITPOINT WARNING * * *
It was a potion of resistance.
You feel protected. The kobold hits you with a dagger.
You die...

....... .# ... .......
!.#... # ....... .#.#.. .#
....... ..#.#####....
....... ###........ #.l
....... ........ ...
.......######.##.##### ..♣
........K@)....(.....#...#
....?#########.#.#...#...#
... #.#.#...#...♣ .
#.#.#........
#.#.#.......♣
....###.##... #...#
#....## #...#####..##
...>.......##


You could see a kobold.

Vanquished Creatures
  A hound zombie (D:3)
  An adder (D:3)
  A dart slug (D:2)
  3 leopard geckos
  5 hobgoblins
  2 jackals (D:2)
  2 quokkas (D:3)
  4 bats (D:1)
  2 frilled lizards
  13 goblins
  5 kobolds
  4 rats
43 creatures vanquished.

Notes
Turn   | Place    | Note
-------+----------+-------------------------------------------
     0 | D:1      | tsouns the Octopode Earth Elementalist began the quest for
                  | the Orb.
     0 | D:1      | Reached XP level 1. HP: 11/11 MP: 3/3
     2 | D:1      | Noticed a dwarf
     4 | D:1      | Noticed a vine stalker
     4 | D:1      | Noticed a centaur
     6 | D:1      | Noticed an ogre
     6 | D:1      | Noticed a merfolk
     8 | D:1      | Noticed a draconian
     8 | D:1      | Noticed a troll
    10 | D:1      | Noticed a halfling
    12 | D:1      | Noticed an octopode
    12 | D:1      | Noticed a demonspawn
    14 | D:1      | Noticed a ghoul
    14 | D:1      | Noticed a human
    16 | D:1      | Noticed a formicid
    16 | D:1      | Noticed a demigod
    18 | D:1      | Noticed a gargoyle
    18 | D:1      | Noticed a tengu
    22 | D:1      | Noticed a spriggan
    22 | D:1      | Noticed an elf
    24 | D:1      | Noticed a naga
    24 | D:1      | Noticed a vampire
    26 | D:1      | Noticed a felid
    26 | D:1      | Noticed a minotaur
    84 | D:1      | Reached XP level 2. HP: 17/17 MP: 5/5
    91 | D:1      | Learned a level 2 spell: Passwall
   785 | D:2      | Noticed Robin
   810 | D:2      | Reached XP level 3. HP: 16/21 MP: 0/6
   817 | D:1      | Learned a level 3 spell: Stone Arrow
  1329 | D:2      | You fall through a shaft!
  1331 | D:3      | Found a snail-covered altar of Cheibriados.
  1466 | D:3      | Reached XP level 4. HP: 14/27 MP: 1/8
  1473 | D:3      | Slain by a kobold

Vault maps used:
D:1:      kb_arrival_jail
D:2:      moated_statue, uniq_natasha, uniq_robin, uniq_terence
D:3:      wad_woods_stonehenge, serial_glass, glass_columns_a, glass_columns_a,
          minmay_crystal_room, minmay_misc_feat_ornament

Skill      XL: |  1  2 |
---------------+-------+-----
Stealth        | 3 |  3.5
Fighting       | |  0.1
Dodging        | |  2.3
Unarmed Combat | |  0.5
Spellcasting   | |  2.7
Transmutations | |  1.0
Earth Magic    | |  3.8

Action                   |  1- 3 |  4- 6 || total
-------------------------+-------+-------++-------
Melee: Unarmed           |    72 |     3 ||    75
       Constrict         |    16 |     1 ||    17
       Tentacles         |     4 |       ||     4
 Cast: Sandblast         |    42 |     2 ||    44
  Use: Scroll            |     1 |       ||     1
       Potion            |       |     1 ||     1
 Stab: Sleeping          |     6 |       ||     6
  Eat: Chunk             |     2 |       ||     2
Armor: Skin              |    19 |       ||    19
Dodge: Dodged            |    66 |     5 ||    71

Table legend:
 A = Non-vault XP
 B = Vault XP
 C = Vault XP percentage of total XP
 D = Non-vault monster count
 E = Vault monster count
 F = Vault count percentage of total count
                 A         B        C        D         E       F
            +---------+---------+-------+---------+---------+-------
      Total |      92 |      15 |  14.0 |      35 |       8 |  18.6
            +---------+---------+-------+---------+---------+-------
        D:1 |      27 |       2 |   6.9 |      18 |       1 |   5.3
        D:2 |      24 |       8 |  25.0 |      11 |       4 |  26.7
        D:3 |      41 |       5 |  10.9 |       6 |       3 |  33.3
            +---------+---------+-------+---------+---------+-------
